 Dungeon Crawl Stone Soup version 0.26-a0-1033-gd598b01645 (webtiles) character file.

Game seed: 10029681115663218203

430 timneilson the Shield-Bearer (level 6, -6/39 HPs)
             Began as a Gargoyle Fighter on Dec 11, 2020.
             Killed by divine providence
             ... invoked by an orc priest
              (15 damage)
             ... on level 3 of the Dungeon.
             The game lasted 00:05:57 (3690 turns).

timneilson the Shield-Bearer (Gargoyle Fighter)     Turns: 3690, Time: 00:05:57

Health: -6/39      AC: 13    Str: 21    XL:     6   Next: 99%
Magic:  6/6        EV:  7    Int:  9    God:
Gold:   278        SH: 10    Dex: 15    Spells: 5/5 levels left

rFire    . . .     SeeInvis .   a - +0 long sword
rCold    . . .     Faith    .   c - +0 kite shield
rNeg     + . .     Spirit   .   b - +0 scale mail
rPois    ∞         Reflect  .   (no helmet)
rElec    +         Harm     .   (no cloak)
rCorr    .         Rampage  .   o - +0 pair of gloves
Will     +....                  (no boots)
Stlth    ..........             (no amulet)
HPRegen  0.13/turn              h - ring of willpower
MPRegen  0.10/turn              l - +6 ring of dexterity

@: no status effects
A: negative energy resistance 1, electricity resistance, unbreathing,
petrification resistance, rot immunity, AC +4
a: no special abilities


You were on level 3 of the Dungeon.
You visited 1 branch of the dungeon, and saw 4 of its levels.

You collected 278 gold pieces.

Inventory:

Hand Weapons
 a - a +0 long sword (weapon)
Armour
 b - a +0 scale mail (worn)
 c - a +0 kite shield (worn)
 g - a +0 plate armour
 o - a +0 pair of gloves (worn)
Jewellery
 h - a ring of willpower (left hand)
 l - a +6 ring of dexterity (right hand)
Scrolls
 f - 3 scrolls of remove curse
 k - a scroll of fear
 m - a scroll of teleportation
 n - a scroll of identify
Potions
 d - a potion of magic


   Skills:
 + Level 4.3 Fighting
 * Level 3.6 Long Blades
 * Level 5.2 Armour
 * Level 5.2 Shields


You had 5 spell levels left.
You didn't know any spells.
Your spell library was empty.

Dungeon Overview and Level Annotations

Branches:
Dungeon (4/15)
 Temple: D:4-7

Altars:
Dithmenos
Elyvilon
Nemelex Xobeh
Uskayaw
Yredelemnul
Zin

Shops:
D:4 =


Innate Abilities, Weirdness & Mutations

You are resistant to torment.
Your stone body is resilient. (AC +4)
You are immune to poison.
You resist negative energy. (rN+)
You are resistant to electric shocks. (rElec)
You can survive without breathing.
You are immune to petrification.
You are immune to rotting.


Message History

You closely miss the orc priest.
The orc priest is heavily wounded.
You block the orc priest's attack.
The orc priest hits you but does no damage.
You closely miss the orc priest.
The orc priest is heavily wounded.
You block the orc priest's attack.
You closely miss the orc priest.
The orc priest is heavily wounded.
You block the orc priest's attack.
You barely miss the orc priest.
The orc priest is heavily wounded.
The orc priest mumbles some strange prayers to Beogh against you.
Beogh smites you!
* * * LOW HITPOINT WARNING * * *
You hit the orc priest but do no damage.
The orc priest is heavily wounded.
The orc priest calls down the wrath of Beogh upon you.
Beogh smites you!
You die...

####### #.....#
###.##### #### #...#
#... ###.# #... #.#
####### #... #.#####
#.....# #...
#.o[..###.###.###.<.
#..@................
#.#.#.#####.#.#.###.
#...#.###.........#.
#...........#.......
#.#.#####.#.........
####.#..............#..
#.........##.###....#.#
######.##.##.# ##..##.#
#.......# #.....#


You could see an orc priest.

Vanquished Creatures
  An ogre (D:4)
  2 orc wizards
  Jessica (D:2)
  A worker ant (D:4)
  8 gnolls (D:3)
  8 adders
  A white imp (D:3)
  A worm (D:2)
  A dart slug (D:2)
  3 leopard geckos
  9 orcs
  2 ball pythons (D:3)
  15 giant cockroaches
  4 goblins
  6 hobgoblins
  6 jackals
  3 quokkas
  11 bats
  2 frilled lizards (D:1)
  4 kobolds
  7 rats
96 creatures vanquished.

Notes
Turn   | Place    | Note
-------+----------+-------------------------------------------
     0 | D:1      | timneilson the Gargoyle Fighter began the quest for the
                  | Orb.
     0 | D:1      | Reached XP level 1. HP: 14/14 MP: 1/1
    56 | D:1      | You fall into a shaft and drop 1 floor!
    95 | D:2      | Reached XP level 2. HP: 19/19 MP: 2/2
   404 | D:1      | Reached XP level 3. HP: 18/23 MP: 3/3
   674 | D:2      | Found a basalt altar of Yredelemnul.
   849 | D:2      | Noticed Jessica
   854 | D:2      | Killed Jessica
   855 | D:2      | Reached XP level 4. HP: 28/29 MP: 4/4
   897 | D:2      | Found a glowing silver altar of Zin.
   900 | D:2      | Found a shadowy altar of Dithmenos.
   906 | D:2      | Found a white marble altar of Elyvilon.
  1064 | D:2      | Found a sparkling altar of Nemelex Xobeh.
  1514 | D:3      | Reached XP level 5. HP: 27/33 MP: 5/5
  2018 | D:3      | Reached XP level 6. HP: 17/38 MP: 6/6
  2734 | D:3      | Found a faded altar of an unknown god.
  2950 | D:3      | Found a hide-covered altar of Uskayaw.
  3002 | D:4      | Found Diskuv's Jewellery Boutique.
  3097 | D:4      | Reached skill level 5 in Armour
  3097 | D:4      | Reached skill level 5 in Shields
  3690 | D:3      | Killed from afar by an orc priest

Illustrated notes

Levels and vault maps discovered:
D:1:      sevenhm_arrival_forest_fort_small_6, layout_rooms,
          minmay_misc_feat_diagonals
D:2:      layout_loops_ring, grunt_temple_overflow_diamond, old_standard_altar,
          general_overflow_altar, guppyfry_early_lair_pool, uniq_jessica
D:3:      minmay_roachtagon, layout_basic, lemuel_coloured_pillars_altar,
          chequers_ecumenical_altar_lobes, st_stairs_14, chequers_hall_statues_y
D:4:      layout_cave_pools, serial_shops, nicolae_shop_trees, shop, uniq_pikel

Skill      XL: |  1  2  3  4  5  6 |
---------------+-------------------+-----
Long Blades    | 2 3 |  3.6
Armour         | 4 5 |  5.2
Shields        | 4 5 |  5.2
Fighting       | 4 |  4.3

Action                   |  1- 3 |  4- 6 || total
-------------------------+-------+-------++-------
Melee: Long sword        |   116 |   295 ||   411
  Use: Scroll            |     2 |     7 ||     9
       Potion            |       |     6 ||     6
Armor: Scale mail        |    72 |   225 ||   297
       Skin              |       |    17 ||    17
Dodge: Dodged            |    39 |   129 ||   168
Block: Kite shield       |    69 |   245 ||   314
       Rpst.: Long sword |    13 |    39 ||    52

Table legend: (Time is in decaauts)
 A = Elapsed time spent in this place.
 B = Non-inter-level travel time spent in this place.
 C = Inter-level travel time spent in this place.
 D = Time resting spent in this place.
 E = Time spent auto-exploring this place.
 F = Levels seen in this place.
 G = Mean time per level.
                   A        B        C        D        E       F      G
               +--------+--------+--------+--------+--------+-----+--------+
         Total |   3836 |   3806 |     30 |    414 |   2450 |   4 |  959.0 |
       Dungeon |   3836 |   3806 |     30 |    414 |   2450 |   4 |  959.0 |
               +--------+--------+--------+--------+--------+-----+--------+

Top non-repeatable levels by time:
     D:3: 1786 daAuts
     D:2: 907 daAuts
     D:1: 604 daAuts
     D:4: 539 daAuts
